 Dungeon Crawl Stone Soup version 0.26.1-11-gd32895ea62 (webtiles) character file.

Game seed: 9696162119468493253

203 vvl the Slasher (level 5, -1/42 HPs)
             Began as a Demonspawn Berserker on June 1, 2021.
             Was a Priest of Trog.
             Slain by Sigmund
             ... wielding a +0 scythe
              (6 damage)
             ... on level 4 of the Dungeon.
             The game lasted 00:07:23 (3911 turns).

vvl the Slasher (Demonspawn Berserker)              Turns: 3911, Time: 00:07:24

Health: -1/42      AC:  8    Str: 18    XL:     5   Next: 51%
Magic:  5/5        EV:  9    Int:  9    God:    Trog [***...]
Gold:   192        SH:  3    Dex: 12    Spells: 4/4 levels left

rFire    + . .     SeeInvis .   a - +0 falchion
rCold    . . .     Faith    .   m - +0 buckler
rNeg     + . .     Spirit   .   n - +0 scale mail (curse)
rPois    .         Reflect  .   e - +1 helmet
rElec    .         Harm     .   (no cloak)
rCorr    .         Rampage  .   (no gloves)
Will     .....                  (no boots)
Stlth    ..........             i - amulet of magic regeneration
HPRegen  0.14/turn              l - ring of positive energy
MPRegen  0.34/turn              (no ring)

@: berserk cooldown, slowed, very slow
A: claws 1, fire resistance 1, powered by death 1, flame cloud immunity
a: Renounce Religion, Berserk, Trog's Hand


You were on level 4 of the Dungeon.
You worshipped Trog.
Trog was most pleased with you.
You visited 1 branch of the dungeon, and saw 4 of its levels.

You collected 192 gold pieces.

Inventory:

Hand Weapons
 a - a +0 falchion (weapon)
Armour
 e - a +1 helmet (worn)
 m - a +0 buckler (worn)
 n - a cursed +0 scale mail (worn)
Jewellery
 i - an amulet of magic regeneration (around neck)
 l - a ring of positive energy (left claw)
Wands
 p - a wand of acid (7)
Scrolls
 d - 3 scrolls of identify {unknown}
 f - 2 scrolls of enchant weapon {unknown}
 h - a scroll of immolation {unknown}
 j - 3 scrolls of enchant armour {unknown}
 k - a scroll of fog {unknown}
 o - a scroll of magic mapping {unknown}
Potions
 b - a potion of experience {unknown}
 c - a potion of haste {unknown}
 g - 2 potions of flight {unknown}


   Skills:
 + Level 3.9 Fighting
 * Level 4.3 Long Blades
 + Level 2.9 Armour
 - Level 1.7 Dodging
 + Level 1.2 Shields


You had 4 spell levels left.
You didn't know any spells.
Your spell library was empty.

Dungeon Overview and Level Annotations

Branches:
Dungeon (4/15)
 Temple: D:4-7

Altars:
Elyvilon
Nemelex Xobeh
Qazlal

Annotations:
D:4 Sigmund


Innate Abilities, Weirdness & Mutations

You have sharp fingernails.
Your flesh is heat resistant. (rF+)
You regenerate a little health from kills.
You are immune to clouds of flame.


Message History

You feel strong-willed.
Sigmund casts a spell at himself.
Sigmund flickers and vanishes!
Deactivating autopickup; reactivate with Ctrl-A.
You hit something. You block something's attack.
You barely miss something.
You feel the effects of Trog's Hand fading.
You hear some strange, mumbled words.
A puff of flame appears from out of thin air!
The puff of flame hits you. You resist. Something hits you but does no damage.
You miss something. Something hits you!
You miss something. Something hits you.
Your skin stops crawling.
You feel less strong-willed. Something hits you.
* * * LOW HITPOINT WARNING * * *
Something hits you!
* * * LOW HITPOINT WARNING * * *
Something hits you but does no damage. Something hits you.
You die...

#.# #.# #.#
#.# #.# #.#
#.### #...#
###@# #.# #.#
##.##
###...######
#............
#.#...#######
#.##.## # #.#


There were no monsters in sight!

Vanquished Creatures
  An orc wizard (D:3)
  7 adders
  A worm (D:2)
  3 leopard geckos
  12 orcs (D:3)
  5 giant cockroaches
  9 goblins
  10 hobgoblins
  10 jackals
  3 quokkas
  A ball python (D:1)
  10 bats
  2 frilled lizards (D:3)
  8 kobolds
  11 rats
93 creatures vanquished.

Notes
Turn   | Place    | Note
-------+----------+-------------------------------------------
     0 | D:1      | vvl the Demonspawn Berserker began the quest for the Orb.
     0 | D:1      | Reached XP level 1. HP: 18/18 MP: 1/1
   387 | D:1      | Reached skill level 3 in Long Blades
   387 | D:1      | Gained mutation: You have sharp fingernails. [demonic
                  | ancestry]
   387 | D:1      | Reached XP level 2. HP: 3/24 MP: 2/2
  1153 | D:1      | Gained mutation: You regenerate a little health from kills.
                  | [demonic ancestry]
  1153 | D:1      | Reached XP level 3. HP: 29/29 MP: 3/3
  1511 | D:2      | Reached ** piety under Trog
  1933 | D:2      | Gained mutation: Your flesh is heat resistant. (rF+)
                  | [demonic ancestry]
  1933 | D:2      | Reached XP level 4. HP: 22/35 MP: 4/4
  2764 | D:3      | Reached skill level 4 in Long Blades
  2764 | D:3      | Reached skill level 1 in Shields
  2764 | D:3      | Gained mutation: You are immune to clouds of flame.
                  | [demonic ancestry]
  2764 | D:3      | Reached XP level 5. HP: 16/42 MP: 5/5
  2928 | D:3      | Found a stormy altar of Qazlal.
  2981 | D:3      | Found a white marble altar of Elyvilon.
  3061 | D:3      | Reached *** piety under Trog
  3258 | D:3      | Found a sparkling altar of Nemelex Xobeh.
  3720 | D:4      | Noticed Sigmund
  3911 | D:4      | Slain by Sigmund

Illustrated notes

Levels and vault maps discovered:
D:1:      grunt_arrival_crossed_arrows, layout_loops_ring
D:2:      layout_loops_ring
D:3:      layout_loops_ring, overflow_temple_1_default, lemuel_round_altar,
          general_overflow_altar
D:4:      layout_loops_ring, doesnt_xom_only_xom, uniq_natasha, uniq_menkaure,
          uniq_eustachio, uniq_sigmund

Skill      XL: |  1  2  3  4 |
---------------+-------------+-----
Long Blades    | 3 4 |  4.3
Armour         | 2 |  2.9
Shields        | 1 |  1.2
Fighting       | |  3.9
Dodging        | |  1.7

Action                   |  1- 3 |  4- 6 || total
-------------------------+-------+-------++-------
Melee: Falchion          |   137 |   215 ||   352
Invok: Berserk           |       |     1 ||     1
       Trog's Hand       |       |     1 ||     1
 Stab: Sleeping          |     2 |       ||     2
Armor: Animal skin       |    28 |       ||    28
       Scale mail        |    17 |   125 ||   142
Dodge: Dodged            |    91 |    88 ||   179
Block: Buckler           |     4 |    34 ||    38
       Rpst.: Falchion   |    32 |    33 ||    65
